 Dungeon Crawl Stone Soup version 0.31-a0-859-g9dce7d3444 (webtiles) character file.

Game seed: 14854012287512238792

341 MachoJfn the Grave Robber (level 6, -1/41 HPs)
             Began as a Demonspawn Necromancer on Oct 9, 2023.
             Was an Initiate of Hepliaklqana.
             Slain by a lemure (5 damage)
             ... led by Pikel
             ... on level 4 of the Dungeon.
             The game lasted 00:10:32 (3287 turns).

MachoJfn the Grave Robber (Demonspawn Necromancer)  Turns: 3287, Time: 00:10:33

Health: -1/41      AC:  6    Str:  9    XL:     6   Next: 30%
Magic:  12/12      EV: 11    Int: 18    God:    Hepliaklqana [......]
Gold:   94         SH:  0    Dex: 13    Spells: 12/13 levels left

rFire   . . .        a - +0 spear (flame)
rCold   . . .        (no shield)
rNeg    . . .        m - +0 leather armour
rPois   .            (no helmet)
rElec   .            (no cloak)
rCorr   .            (no gloves)
SInv    .            (no boots)
Will    .....        (no amulet)
Stlth   ++           (no ring)
HPRegen 0.26/turn    (no ring)
MPRegen 0.13/turn

%: no passive effects
@: mighty
A: thin metallic scales 2, demonic guardian 1, powered by death 1
a: Renounce Religion


You were on level 4 of the Dungeon.
You worshipped Hepliaklqana.
Hepliaklqana was noncommittal.
You visited 2 branches of the dungeon, and saw 5 of its levels.

You collected 94 gold pieces.

Inventory:

Hand Weapons
 a - a +0 spear of flaming (weapon)
Missiles
 d - 9 stones
Armour
 m - a +0 leather armour (worn)
Scrolls
 f - 3 scrolls of teleportation
 g - 2 scrolls of identify
 i - a scroll of immolation
Potions
 b - a potion of magic
 e - a potion of haste
 h - a potion of enlightenment (quivered) {unknown}
 l - a potion of invisibility


   Skills:
 + Level 0.6 Armour
 + Level 2.0 Dodging
 - Level 2.0 Stealth
 + Level 4.0 Spellcasting
 + Level 6.8 Necromancy


You had 12 spell levels left.
You knew the following spells:

 Your Spells              Type           Power      Damage    Failure   Level
a - Necrotise             Necr           100%       1d9       1%          1

Your spell library contained the following spells:

 Spells                   Type           Power      Damage    Failure   Level
 Vampiric Draining        Necr           28%        2d8       3%          3
 Animate Dead             Necr           28%        N/A       12%         4
 Agony                    Necr           28%        N/A       32%         5


Dungeon Overview and Level Annotations

Branches:
Dungeon (4/15)             Temple (1/1) D:4

Altars:
Cheibriados
Hepliaklqana
Kikubaaqudgha
Makhleb
Nemelex Xobeh
Qazlal
Ru
Trog
Uskayaw
Xom
Yredelemnul

Annotations:
D:4 Pikel


Innate Abilities, Weirdness & Mutations

You are mostly covered in thin metallic scales. (AC +3)
A weak demonic guardian rushes to your aid.
You regenerate a little health from kills.


Message History

The lemure hits you but does no damage.
You hit the lemure but do no damage.
The lemure is lightly wounded.
The lemure hits you.
You barely miss the lemure.
The lemure is lightly wounded.
The lemure hits you.
You hit the lemure but do no damage.
The lemure is lightly wounded.
The lemure hits you.
You hit the lemure. You burn the lemure.
The lemure is lightly wounded.
The lemure hits you but does no damage.
You closely miss the lemure.
The lemure is lightly wounded.
The lemure hits you!
You barely miss the lemure.
The lemure is lightly wounded.
The lemure barely misses you. x2
You hit the lemure. You burn the lemure.
The lemure is moderately wounded.
The lemure hits you.
* * * LOW HITPOINT WARNING * * *
A demonic guardian appears!
You barely miss the lemure.
The lemure is moderately wounded.
The lemure hits you.
* * * LOW HITPOINT WARNING * * *
Your shadow imp barely misses the lemure.
You feel better. The lemure hits you.
* * * LOW HITPOINT WARNING * * *
Your shadow imp misses the lemure.
You feel very mighty all of a sudden. The lemure hits you.
* * * LOW HITPOINT WARNING * * *
Your shadow imp hits the lemure.
You hit the lemure. You burn the lemure.
The lemure is severely wounded.
The lemure hits you.
You die...

### ..# #.#
#############
#.#
#.[.55@.....#
##.#
#.#########.#
##.# #.# .#.#
#5# #..# #.#
##.## #.#
##.#######.#
##....5...#
##.#########


You could see a lemure (ally target) and a friendly shadow imp (summoned).

Vanquished Creatures
  A black bear (D:4)
  A lemure (D:4)
  A hound (D:4)
  An orc priest (D:3)
  A sleepcap (D:2)
  Natasha (D:4)
  2 adders
  4 gnolls (D:3)
  A worm (D:3)
  14 orcs
  2 ball pythons
  5 endoplasms
  3 giant cockroaches
  7 goblins
  3 hobgoblins
  3 jackals (D:3)
  4 kobolds (D:1)
  7 bats
  A frilled lizard (D:2)
  7 rats
69 creatures vanquished.

Vanquished Creatures (collateral kills)
  A dart slug (D:2)
  A hobgoblin (D:1)
  A frilled lizard (D:1)
3 creatures vanquished.

Grand Total: 72 creatures vanquished

Notes
Turn   | Place    | Note
-------+----------+-------------------------------------------
     0 | D:1      | MachoJfn the Demonspawn Necromancer began the quest for the
                  | Orb.
     0 | D:1      | Reached XP level 1. HP: 13/13 MP: 3/3
   448 | D:1      | Gained mutation: A weak demonic guardian rushes to your
                  | aid. [demonic ancestry]
   448 | D:1      | Reached XP level 2. HP: 19/19 MP: 1/5
   987 | D:1      | Gained mutation: You regenerate a little health from kills.
                  | [demonic ancestry]
   987 | D:1      | Reached XP level 3. HP: 19/24 MP: 0/6
   989 | D:1      | Reached skill level 5 in Necromancy
  1802 | D:3      | Gained mutation: You are partially covered in thin metallic
                  | scales. (AC +2) [demonic ancestry]
  1802 | D:3      | Reached XP level 4. HP: 30/30 MP: 6/8
  2379 | D:3      | Reached XP level 5. HP: 35/35 MP: 5/9
  2385 | D:3      | Reached skill level 6 in Necromancy
  2768 | D:4      | Found a staircase to the Ecumenical Temple.
  2813 | Temple   | Found a transporter.
  2813 | Temple   | Found a transporter.
  2813 | Temple   | Found a transporter.
  2813 | Temple   | Found a transporter.
  2813 | Temple   | Entered the Ecumenical Temple
  2874 | Temple   | Became a worshipper of Hepliaklqana the Forgotten
  2958 | D:4      | Noticed a black bear
  2972 | D:4      | Killed a black bear
  2973 | D:4      | Gained mutation: You are mostly covered in thin metallic
                  | scales. (AC +3) [demonic ancestry]
  2973 | D:4      | Reached XP level 6. HP: 27/41 MP: 0/11
  3169 | D:4      | Noticed Natasha
  3177 | D:4      | Killed Natasha
  3233 | D:4      | Noticed Pikel
  3287 | D:4      | Slain by a lemure

Illustrated notes

Levels and vault maps discovered:
D:1:      nicolae_arrival_memento_mori, layout_basic
D:2:      layout_rooms
D:3:      layout_rooms, tso_metal_star
D:4:      layout_loops_ring, minmay_temple_entry_mist, uniq_menkaure,
          uniq_pikel, uniq_natasha
Temple:   hellmonk_temple_divided_pantheon

Skill      XL: |  1  2  3  4  5  6 |
---------------+-------------------+-----
Stealth        | 2 |  2.0
Necromancy     | 5 6 |  6.8
Dodging        | 2 |  2.0
Spellcasting   | 3 4 |  4.0
Armour         | |  0.6

Action                     |  1- 3 |  4- 6 || total
---------------------------+-------+-------++-------
  Melee: Unarmed           |     7 |       ||     7
         Dagger            |    28 |    18 ||    46
         Punch             |     1 |       ||     1
         Spear             |       |    24 ||    24
   Cast: Necrotise         |    56 |    92 ||   148
    Use: Scroll            |     7 |       ||     7
         Potion            |     1 |     3 ||     4
 Armour: Robe              |    20 |       ||    20
         Leather armour    |     1 |    62 ||    63
  Dodge: Dodged            |    26 |    45 ||    71

Table legend: (Time is in decaauts)
 A = Elapsed time spent in this place.
 B = Non-inter-level travel time spent in this place.
 C = Inter-level travel time spent in this place.
 D = Time resting spent in this place.
 E = Time spent auto-exploring this place.
 F = Levels seen in this place.
 G = Mean time per level.
                   A        B        C        D        E       F      G
               +--------+--------+--------+--------+--------+-----+--------+
         Total |   3293 |   3043 |    250 |    556 |   1932 |   5 |  658.6 |
       Dungeon |   3204 |   2990 |    214 |    556 |   1889 |   4 |  801.0 |
        Temple |     89 |     53 |     36 |      0 |     43 |   1 |   89.0 |
               +--------+--------+--------+--------+--------+-----+--------+

Top non-repeatable levels by time:
     D:1: 1281 daAuts
     D:3: 971 daAuts
     D:2: 515 daAuts
     D:4: 435 daAuts
  Temple: 89 daAuts
